 Dungeon Crawl Stone Soup version 0.29-a0-284-gf9362112df (webtiles) character file.

Game seed: 1299778748697752745

51363 Zonian the Carver (level 14, 0/70 HPs)
             Began as a Vine Stalker Ice Elementalist on Mar 23, 2022.
             Was an Initiate of Gozag.
             Slain by a salamander mystic
             ... wielding a +0 quarterstaff
              (10 damage)
             ... on level 10 of the Dungeon.
             The game lasted 01:13:40 (23977 turns).

Zonian the Carver (Vine Stalker Ice Elementalist)  Turns: 23977, Time: 01:13:41

Health: 0/70       AC: 10    Str: 18    XL:     14   Next: 59%
Magic:  0/27       EV: 17    Int: 22    God:    Gozag
Gold:   1569       SH:  4    Dex: 15    Spells: 11/30 levels left

rFire   . . .      SeeInvis .   S - +4 demon blade (elec)
rCold   . . .      Faith    .   i - +0 buckler
rNeg    . . .      Spirit   +   V - +1 leather armour {rPois}
rPois   +          Reflect  .   U - +0 helmet {Int+3}
rElec   .          Harm     .   x - +2 cloak {rCorr}
rCorr   +          Rampage  .   q - +0 pair of gloves
Will    +....                   O - +0 pair of boots
Stlth   ++++......              F - amulet of regeneration
HPRegen 1.81/turn               Y - +6 ring of strength
MPRegen 0.20/turn               G - +4 ring of evasion

@: no status effects
A: fangs 3, regeneration 1, magic shield, antimagic bite, no potion heal 2
a: Renounce Religion, Potion Petition, Call Merchant, Bribe Branch


You were on level 10 of the Dungeon.
You worshipped Gozag.
Gozag was most pleased with you.
You visited 2 branches of the dungeon, and saw 16 of its levels.

You collected 5496 gold pieces.
You spent 1569 gold pieces at shops.
You paid 2358 gold pieces to Gozag.

Inventory:

Hand Weapons
 d - a +4 scimitar of flaming
 h - a +4 short sword of freezing
 t - the +3 quarterstaff of Midnight {spect, Int+4 Dex+3}
   (You found it on level 7 of the Dungeon)

   When its wielder attacks, the weapon's spirit leaps out and strikes again.
   The spirit shares a part of any damage it takes with its wielder.
   Int:       It affects your intelligence (+4).
   Dex:       It affects your dexterity (+3).
 J - the +8 short sword "Keackinoor" {vamp, Drain rCorr Int+2 SInv}
   (You found it on level 6 of the Lair of Beasts)

   It occasionally heals its wielder for a portion of the damage dealt when it
   wounds a living foe.
   Int:       It affects your intelligence (+2).
   SInv:      It lets you see invisible.
   rCorr:     It protects you from acid and corrosion.
   Drain:     It drains your maximum health when unequipped.
 K - the +2 war axe of Iconoclasm {freeze, rElec rF+ Will+ Int+3}
   (You found it on level 6 of the Lair of Beasts)

   It freezes those it strikes, dealing additional cold damage.
   It can also slow down cold-blooded creatures.
   Int:       It affects your intelligence (+3).
   rF:        It protects you from fire.
   rElec:     It insulates you from electricity.
   Will:      It increases your willpower.
 P - a +3 scimitar of flaming
 S - a +4 demon blade of electrocution (weapon)
Missiles
 l - 50 poisoned darts
 o - 7 boomerangs
 s - 7 javelins
 A - 8 curare-tipped darts
 B - a throwing net
Armour
 i - a +0 buckler (worn)
 q - a +0 pair of gloves (worn)
 x - a +2 cloak of preservation (worn)
 L - the +4 scale mail of Hepliaklqana's Regard {rPois}
   (You bought it in a shop on level 2 of the Lair of Beasts)

   rPois:     It protects you from poison.
 O - a +0 pair of boots (worn)
 U - a +0 helmet of intelligence (worn)
 V - a +1 leather armour of poison resistance (worn)
Magical Staves
 c - a staff of cold
 u - a staff of conjuration
Jewellery
 m - a ring of positive energy
 F - an amulet of regeneration (around neck)
 G - a +4 ring of evasion (right hand)
 Y - a +6 ring of strength (left hand)
Wands
 j - a wand of mindburst (16)
 p - a wand of paralysis (14)
 y - a wand of acid (13)
 E - a wand of polymorph (5)
 N - a wand of flame (14)
 R - a wand of charming (6)
Scrolls
 b - 2 scrolls of teleportation
 e - a scroll of holy word
 g - 6 scrolls of immolation
 k - 3 scrolls of fog
 H - 4 scrolls of identify
 X - 2 scrolls of magic mapping
Potions
 a - a potion of flight
 f - 4 potions of berserk rage
 n - 3 potions of lignification
 v - 5 potions of curing
 w - 2 potions of haste
 z - 2 potions of brilliance
 C - a potion of might
 D - 2 potions of mutation
 M - 3 potions of attraction
 T - a potion of resistance
 W - 7 potions of ambrosia
Miscellaneous
 I - a lightning rod (1/4)
 Q - a condenser vane (inert)


   Skills:
 - Level 6.2 Fighting
 - Level 4.3(8.5) Short Blades
 * Level 11.3(11.6) Long Blades
 - Level 4.6 Staves
 - Level 2.5 Armour
 - Level 4.2 Dodging
 - Level 10.8 Stealth
 - Level 2.5 Shields
 - Level 8.7 Spellcasting
 - Level 7.4 Conjurations
 - Level 2.8 Transmutations
 - Level 9.3 Ice Magic
 - Level 4.5 Air Magic
 - Level 4.7 Earth Magic
 - Level 4.6 Poison Magic
 - Level 3.4 Evocations


You had 11 spell levels left.
You knew the following spells:

 Your Spells              Type           Power      Damage    Failure   Level
a - Freeze                Ice            100%       1d11      1%          1
b - Frozen Ramparts       Ice            100%       1d12      1%          3
c - Ozocubu's Armour      Ice            50%        N/A       1%          3
d - Hailstorm             Conj/Ice       46%        3d11      3%          4
e - Stone Arrow           Conj/Erth      72%        3d11      2%          3
f - Mephitic Cloud        Conj/Pois/Air  34%        N/A       3%          3
g - Wereblood             Tmut           21%        N/A       5%          2

Your spell library contained the following spells:

 Spells                   Type           Power      Damage    Failure   Level
 Ignite Poison            Fire/Tmut/Pois 20%        N/A       12%         3
 Sublimation of Blood     Necr           9%         N/A       16%         2
 Freezing Cloud           Conj/Ice/Air   20%        6-21      16%         5
 Tukima's Dance           Hex            9%         N/A       32%         3
 Animate Armour           Summ/Erth      40%        N/A       38%         4
 Anguish                  Hex/Necr       4%         N/A       71%         4
 Cause Fear               Hex            4%         N/A       71%         4
 Passage of Golubria      Tloc           9%         N/A       71%         4
 Silence                  Hex/Air        9%         N/A       75%         5
 Ozocubu's Refrigeration  Ice            25%        4d10      89%         7
 Dragon Form              Tmut           10%        N/A       100%        7
 Enfeeble                 Hex            4%         N/A       100%        7
 Summon Hydra             Summ           4%         N/A       100%        7
 Borgnjor's Revivificati  Necr           4%         N/A       100%        8
 Lehudib's Crystal Spear  Conj/Erth      18%        10d5      100%        8
 Necromutation            Tmut/Necr      7%         N/A       100%        8
 Death's Door             Necr           4%         N/A       100%        9
 Dragon's Call            Summ           4%         N/A       100%        9


Dungeon Overview and Level Annotations

Branches:
Dungeon (10/15)            Temple (0/1) D:5            Lair (6/6) D:9
  Swamp (0/4) Lair:4        Snake (0/4) Lair:3        Slime (0/5) Lair:6
    Orc (0/2) D:9

Altars:
Cheibriados
Dithmenos
Elyvilon
Fedhas
Gozag
Kikubaaqudgha
Nemelex Xobeh
Okawaru
Qazlal
Sif Muna
Uskayaw
Wu Jian
Yredelemnul
Jiyva

Shops:
D:6 *   D:9 :   Lair:2 [   Lair:6 =

Annotations:
D:2 1 runed translucent door, Crazy Yiuf
D:5 2 transporters, spaghetti's ghost, amateur DsTm
D:7 1 exclusion


Innate Abilities, Weirdness & Mutations

You have razor-sharp teeth.
Your natural rate of healing is unusually fast.
When hurt, damage is shared between your health and your magic reserves.
Your bite disrupts and absorbs the magic of your enemies.
Potions cannot restore your health.


Message History

Aim: a salamander, wielding a +0 trident (lightly wounded, fast)
Okay, then.
Throw: 3 throwing nets
Press: ? - help, Shift-Dir - straight line, f - salamander
Aim: a salamander, wielding a +0 trident (lightly wounded, fast, 72% to hit)
You throw a throwing net. The throwing net hits the salamander.
The salamander is caught in the net!
The salamander is lightly wounded.
The salamander mystic's magic is no longer disrupted.
The salamander struggles against the net.
The salamander mystic hits you with a +0 quarterstaff.
* * * LOW HITPOINT WARNING * * *
You are engulfed in flames!
* * * LOW HITPOINT WARNING * * *
Unknown command.
You hit the salamander but do no damage.
Lightning courses through the salamander!
You bite the salamander. You drain its power.
You feel invigorated.
The salamander is moderately wounded.
The salamander struggles against the net.
The salamander mystic closely misses you.
The salamander struggles against the net.
The net rips apart, and the salamander comes free!
Okay, then.
Okay, then.
Casting: Freeze (safe; 1% risk of failure)
Confirm with . or Enter, or press ? or * to list all spells.
Okay, then.
Okay, then.
Throw: 2 throwing nets
Press: ? - help, Shift-Dir - straight line, f/p - salamander
Aim: a salamander, wielding a +0 trident (moderately wounded, fast, 72% to hit)
You throw a throwing net.
The throwing net closely misses the salamander.
The salamander hits you but does no damage.
The salamander mystic hits you with a +0 quarterstaff.
* * * LOW HITPOINT WARNING * * *
You are engulfed in flames!
You die...
Your body crumbles into a pile of gold.

#............................
#........)...................
#..###.......................
#..###...>...................
#....#.......................
#............................
###'''#################......
#8...8#.........# #......
#≈...≈#....@N..(# #......
#≈...≈#...8N8...# #......
#≈...≈#.§.§#≈...# #......
#≈...8#..§§#≈§..######......
#≈§..§...§§#§§.[#...........
#8≈≈≈≈≈≈≈§8#8§§8#...........
#######################......
#...............## #......
#................# #......


You could see a salamander mystic and a salamander (fast).

Vanquished Creatures
  Snorg (D:10)
  A fire dragon (Lair:6)
  A boulder beetle (Lair:5)
  2 catoblepae (Lair:6)
  5 hydras
  Erica (D:10)
  A centaur warrior (D:8)
  13 death yaks
  A swamp dragon (Lair:6)
  A bog body (Lair:4)
  A lindwurm (Lair:6)
  A salamander (D:10)
  2 manticores (Lair:6)
  Maurice (D:10)
  7 elephants
  4 black mambas
  A torpor snail (Lair:6)
  19 cane toads
  7 rime drakes
  2 kobold demonologists
  8 komodo dragons
  A queen bee (Lair:5)
  2 polar bears
  3 meliai (Lair:5)
  2 dream sheep (Lair:6)
  3 blink frogs (Lair:5)
  A shadow (D:9)
  3 wyverns
  A basilisk (Lair:2)
  44 yaks
  2 wraiths
  4 steam dragons
  4 vampire mosquitoes (D:10)
  3 nagas (Lair:3)
  6 acid dragons
  12 water moccasins
  Duvessa (D:7)
  A swamp drake (Lair:6)
  4 orc warriors
  2 sky beasts
  2 black bears
  2 ogres (D:6)
  3 phantoms
  17 wolves
  5 centaurs
  7 kobold brigands
  20 bullfrogs
  2 gnoll sergeants
  A necrophage (D:4)
  2 scorpions (D:4)
  Dowan (D:7)
  27 killer bees
  An electric eel (Lair:3)
  4 howler monkeys
  3 jellies
  4 hounds
  3 orc priests
  Jessica (D:2)
  5 iguanas
  7 orc wizards
  A hell rat (Lair:6)
  10 gnolls
  13 adders
  4 shadow imps
  3 white imps
  An ufetubus (D:6)
  3 worms
  3 dart slugs
  36 orcs
  8 bats
  4 endoplasms
  A giant cockroach (D:2)
  10 goblins
  10 hobgoblins
  4 jackals (D:4)
  A quokka (D:1)
  6 ball pythons
  3 frilled lizards
  40 kobolds
  9 kobold skeletons (D:9)
  9 kobold zombies (D:9)
  8 rats
  2 butterflies
485 creatures vanquished.

Vanquished Creatures (others)
  A bush (Lair:5)
  28 fungi
  38 plants
67 creatures vanquished.

Grand Total: 552 creatures vanquished

Notes
Turn   | Place    | Note
-------+----------+-------------------------------------------
     0 | D:1      | Zonian the Vine Stalker Ice Elementalist began the quest
                  | for the Orb.
     0 | D:1      | Reached XP level 1. HP: 9/9 MP: 4/4
   190 | D:1      | Reached XP level 2. HP: 12/13 MP: 6/6
   666 | D:1      | Reached XP level 3. HP: 9/16 MP: 5/7
  1032 | D:1      | Found a faded altar of an unknown god.
  1044 | D:1      | Prayed at the altar of an unknown god.
  1044 | D:1      | Became a worshipper of Gozag Ym Sagoz the Greedy
  2450 | D:2      | Gained mutation: Your natural rate of healing is unusually
                  | fast. [Vine Stalker growth]
  2450 | D:2      | Reached XP level 4. HP: 2/21 MP: 3/9
  2874 | D:2      | Learned a level 3 spell: Frozen Ramparts
  2878 | D:2      | Learned a level 3 spell: Ozocubu's Armour
  3314 | D:2      | Noticed Jessica
  3334 | D:2      | Killed Jessica
  3335 | D:2      | Reached XP level 5. HP: 24/24 MP: 6/10
  3585 | D:2      | Found a runed translucent door.
  3586 | D:2      | Noticed Crazy Yiuf
  4121 | D:3      | Found a stormy altar of Qazlal.
  4825 | D:4      | Found a snail-covered altar of Cheibriados.
  4888 | D:4      | Reached XP level 6. HP: 27/28 MP: 5/12
  4892 | D:4      | Reached skill level 5 in Ice Magic
  5093 | D:4      | Found a white marble altar of Elyvilon.
  5379 | D:4      | Reached skill level 5 in Stealth
  5379 | D:4      | Reached XP level 7. HP: 32/32 MP: 8/14
  5745 | D:4      | Learned a level 4 spell: Hailstorm
  6138 | D:5      | Entered Level 5 of the Dungeon
  6337 | D:5      | Reached skill level 1 in Conjurations
  6654 | D:5      | Reached skill level 1 in Short Blades
  6793 | D:5      | Found a staircase to the Ecumenical Temple.
  6802 | D:5      | Gained mutation: You have razor-sharp teeth. [Vine Stalker
                  | growth]
  6802 | D:5      | Reached XP level 8. HP: 34/36 MP: 10/15
  7122 | D:5      | Found a transporter.
  7126 | D:5      | Found a transporter.
  7127 | D:5      | Noticed spaghetti's ghost (amateur DsTm)
  7382 | D:5      | Found an iron altar of Okawaru.
  7558 | D:6      | Reached skill level 5 in Spellcasting
  7818 | D:6      | Bought a scroll of teleportation for 33 gold pieces
  7843 | D:6      | Found an ornate altar of the Wu Jian Council.
  8262 | D:6      | Bought a potion of haste for 110 gold pieces
  8442 | D:7      | Noticed Duvessa
  8479 | D:7      | Reached skill level 1 in Fighting
  8532 | D:7      | Reached XP level 9. HP: 41/41 MP: 16/18
  8655 | D:7      | Found a flagged portal.
  8656 | D:7      | Identified the +3 quarterstaff of Midnight {spect, Int+4
                  | Dex+3}
  8665 | D:7      | Reached skill level 1 in Shields
  8829 | D:7      | Found a sparkling altar of Nemelex Xobeh.
  8926 | D:7      | Noticed Dowan
  8927 | D:7      | Killed Duvessa
  8943 | D:7      | Killed Dowan
  9059 | D:6      | Bought a +2 cloak of preservation for 236 gold pieces
  9154 | D:7      | Found a basalt altar of Yredelemnul.
  9503 | D:7      | Found a shimmering blue altar of Sif Muna.
 10188 | D:8      | Found a shadowy altar of Dithmenos.
 10225 | D:8      | Reached XP level 10. HP: 48/48 MP: 16/20
 10678 | D:8      | Noticed a centaur warrior
 10688 | D:8      | Killed a centaur warrior
 10689 | D:8      | Reached skill level 1 in Staves
 10689 | D:8      | Reached skill level 5 in Conjurations
 10925 | D:6      | Bought an amulet of regeneration for 330 gold pieces
 11037 | D:9      | Found a hide-covered altar of Uskayaw.
 11114 | D:9      | Noticed a death yak
 11114 | D:9      | Noticed a death yak
 11115 | D:9      | Noticed a death yak
 11360 | D:8      | Killed a death yak
 11699 | D:9      | Learned a level 3 spell: Stone Arrow
 11703 | D:9      | Learned a level 3 spell: Mephitic Cloud
 11756 | D:9      | Found a staircase to the Orcish Mines.
 11813 | D:9      | Found Jacob's Book Boutique.
 11843 | D:9      | Found a staircase to the Lair.
 11868 | D:9      | Noticed a death yak
 11870 | D:9      | Noticed a death yak
 11874 | Lair:1   | Entered Level 1 of the Lair of Beasts
 11880 | Lair:1   | Reached XP level 11. HP: 43/53 MP: 12/22
 11882 | Lair:1   | Reached skill level 1 in Air Magic
 11882 | Lair:1   | Reached skill level 1 in Earth Magic
 11882 | Lair:1   | Reached skill level 1 in Poison Magic
 11893 | Lair:1   | Noticed a six-headed hydra
 11900 | Lair:1   | Killed a six-headed hydra
 12558 | Lair:1   | Reached skill level 5 in Fighting
 12558 | Lair:1   | Noticed a four-headed hydra
 12564 | Lair:1   | Killed a four-headed hydra
 12567 | Lair:1   | Reached skill level 1 in Evocations
 13028 | Lair:2   | Reached skill level 10 in Stealth
 13090 | Lair:2   | Noticed an eight-headed hydra
 13350 | Lair:2   | Reached XP level 12. HP: 60/60 MP: 24/24
 13366 | Lair:2   | Killed an eight-headed hydra
 13525 | Lair:2   | Bought an ichor-stained scale mail for 360 gold pieces
 13525 | Lair:2   | Identified the +4 scale mail of Hepliaklqana's Regard
                  | {rPois} (You bought it in a shop on level 2 of the Lair of
                  | Beasts)
 14148 | Lair:3   | Found a staircase to the Snake Pit.
 14257 | Lair:3   | Reached skill level 1 in Armour
 14527 | Lair:3   | Learned a level 2 spell: Wereblood
 15782 | Lair:4   | Reached skill level 1 in Transmutations
 16398 | Lair:4   | Found a staircase to the Swamp.
 16450 | Lair:4   | You fall into a shaft and drop 2 floors!
 16450 | Lair:6   | Entered Level 6 of the Lair of Beasts
 16456 | Lair:6   | Noticed a five-headed hydra
 16501 | Lair:6   | Identified the +2 war axe of Iconoclasm {freeze, rElec rF+
                  | Will+ Int+3}
 16574 | Lair:5   | Reached XP level 13. HP: 65/65 MP: 26/26
 16679 | Lair:2   | Bought a runed helmet for 300 gold pieces
 16689 | Lair:2   | Bought a runed leather armour for 200 gold pieces
 17447 | Lair:5   | Reached skill level 1 in Long Blades
 18058 | Lair:5   | Reached skill level 2 in Long Blades
 18505 | Lair:5   | Reached skill level 3 in Long Blades
 18577 | Lair:5   | Reached skill level 4 in Long Blades
 18919 | Lair:6   | Found a staircase to the Slime Pits.
 18919 | Lair:6   | Found a viscous altar of Jiyva.
 18955 | Lair:6   | Reached skill level 5 in Long Blades
 19156 | Lair:6   | Reached skill level 6 in Long Blades
 19607 | Lair:6   | Reached skill level 7 in Long Blades
 19840 | Lair:6   | Reached skill level 8 in Long Blades
 19840 | Lair:6   | Reached XP level 14. HP: 62/70 MP: 22/27
 20421 | Lair:6   | Reached skill level 9 in Long Blades
 20834 | Lair:6   | Identified the +8 short sword "Keackinoor" {vamp, Drain
                  | rCorr Int+2 SInv}
 21365 | Lair:6   | Reached skill level 10 in Long Blades
 22824 | D:9      | Found an ancient bone altar of Kikubaaqudgha.
 23092 | D:10     | Entered Level 10 of the Dungeon
 23126 | D:10     | Noticed Erica
 23138 | D:10     | Killed Erica
 23182 | D:10     | Found a blossoming altar of Fedhas.
 23349 | D:10     | Noticed Maurice
 23366 | D:10     | Killed Maurice
 23390 | D:10     | Noticed Snorg
 23399 | D:10     | Reached skill level 11 in Long Blades
 23676 | D:10     | Killed Snorg
 23968 | D:10     | Found the +3 salamander hide armour {Flames rF++ rC--}
 23977 | D:10     | Slain by a salamander mystic

Illustrated notes

Levels and vault maps discovered:
D:1:      lightli_arrival_noodles, layout_loops_ring,
          shapermc_ecumenical_altar_mp_ritualfount,
          minmay_misc_feat_secret_circle, hangedman_decor_diamond_cutter,
          minmay_pentomino_x4
D:2:      layout_loops_corners, uniq_crazy_yiuf_cottage, uniq_jessica
D:3:      layout_basic, nicolae_qazlal_general_emergency
D:4:      layout_basic, mainiacjoe_overflow_concentric_impassable,
          cheibriados_altar_1, hangedman_decor_peaks_small
D:5:      layout_rooms, kennysheep_mini, minmay_temple_entry_glass,
          gammafunk_ghost_hive, kennysheep_donut
D:6:      layout_basic, lemuel_round_altar
D:7:      layout_loops_ring, tgw_sif, yredelemnul_altar_generic,
          mainiacjoe_overflow_catwalk, enter_bailey_3, uniq_duvessa
D:8:      minmay_thinvault, layout_rooms, grunt_dithmenos_shadows
D:9:      wander_kiku_kobolds, layout_rooms,
          nicolae_uskayaw_murder_on_the_dancefloor, dpeg_lair_monsters,
          serial_shops, shop, serial_glass, glass_columns_a, glass_columns_a,
          serial_park_tiny_1
D:10:     layout_small_grid, mainiacjoe_overflow_cross_hatched,
          minmay_misc_feat_square, hellmonk_guarded_unrand_salamander,
          uniq_erica, uniq_maurice, uniq_snorg
Lair:1:   layout_roguey, serial_rivers, chequers_serial_rivers_room_a,
          chequers_serial_rivers_room_b, chequers_serial_rivers_micro_c,
          chequers_serial_rivers_small_b, chequers_serial_rivers_small_3,
          chequers_serial_rivers_room_b, lemuel_fruit_fields
Lair:2:   layout_long_grid
Lair:3:   layout_big_grid, guppyfry_snake_entry_island, grunt_megastairs_5,
          lemuel_fruit_fields, serial_bayou_shore_a
Lair:4:   layout_gridlike, skrybe_swamp_entry_bodies, infiniplex_staircase_pool
Lair:5:   layout_roguey [special_room_bee]
Lair:6:   hangedman_lair_in_review, layout_loops_ring, guppyfry_lair_end_dragon,
          slime_altar_1, serial_bayou_ford_a

Skill      XL: |  1  2  3  4  5  6  7  8  9 10 11 12 13 14 |
---------------+-------------------------------------------+-----
Stealth        | 3 4 5 6 7 9 10 | 10.8
Dodging        | 2 3 4 |  4.2
Spellcasting   | 3 4 5 6 7 8 |  8.7
Ice Magic      | 5 6 7 8 9 |  9.3
Conjurations   | 1 2 4 5 6 7 |  7.4
Short Blades   | 1 2 3 4 |  4.3
Fighting       | 1 2 4 5 6 |  6.2
Shields        | 2 |  2.5
Staves         | 2 3 4 |  4.6
Air Magic      | 3 4 |  4.5
Earth Magic    | 3 4 |  4.7
Poison Magic   | 3 4 |  4.6
Evocations     | 1 3 |  3.4
Armour         | 2 |  2.5
Transmutations | 1 2 |  2.8
Long Blades    | 8 11 | 11.3

Action                   |  1- 3 |  4- 6 |  7- 9 | 10-12 | 13-15 || total
-------------------------+-------+-------+-------+-------+-------++-------
Melee: Unarmed           |    23 |       |       |       |       ||    23
       Bite              |    11 |    14 |    61 |   138 |   175 ||   399
       Short sword       |    42 |    58 |   183 |       |    16 ||   299
       Punch             |       |       |     1 |       |       ||     1
       Staff             |       |       |     5 |       |       ||     5
       Quarterstaff      |       |       |    13 |   280 |       ||   293
       Demon blade       |       |       |       |     5 |   494 ||   499
Throw: Throwing net      |       |       |       |       |     2 ||     2
 Cast: Freeze            |    22 |    57 |    22 |       |     1 ||   102
       Frozen Ramparts   |       |     1 |    16 |    22 |    25 ||    64
       Ozocubu's Armour  |       |       |     1 |     5 |     2 ||     8
       Hailstorm         |       |       |       |     1 |     8 ||     9
       Mephitic Cloud    |       |       |       |     6 |     9 ||    15
       Stone Arrow       |       |       |       |       |     9 ||     9
       Wereblood         |       |       |       |       |     1 ||     1
Invok: Call Merchant     |       |       |     1 |     1 |     1 ||     3
Evoke: Wand              |       |       |     3 |    10 |     4 ||    17
       Lightning rod     |       |       |       |     5 |     5 ||    10
       Condenser vane    |       |       |       |       |     2 ||     2
  Use: Scroll            |       |       |    16 |     7 |    10 ||    33
       Potion            |       |       |     1 |       |     1 ||     2
 Stab: Sleeping          |     8 |     6 |     7 |    18 |    10 ||    49
       Paralysed         |       |       |     2 |       |       ||     2
       Distracted        |       |       |       |     4 |     2 ||     6
       Confused          |       |       |       |       |     5 ||     5
Armor: Robe              |    16 |    23 |    40 |    69 |       ||   148
       Scale mail        |       |       |       |     8 |       ||     8
       Leather armour    |       |       |       |       |   133 ||   133
Dodge: Dodged            |    46 |    65 |   127 |   266 |   389 ||   893
Block: Buckler           |       |       |    11 |     1 |   108 ||   120

Table legend: (Time is in decaauts)
 A = Elapsed time spent in this place.
 B = Non-inter-level travel time spent in this place.
 C = Inter-level travel time spent in this place.
 D = Time resting spent in this place.
 E = Time spent auto-exploring this place.
 F = Levels seen in this place.
 G = Mean time per level.
                   A        B        C        D        E       F      G
               +--------+--------+--------+--------+--------+-----+--------+
         Total |  24101 |  23112 |    989 |   8726 |   8523 |  16 | 1506.3 |
       Dungeon |  13328 |  12762 |    566 |   4105 |   5427 |  10 | 1332.8 |
          Lair |  10773 |  10350 |    423 |   4621 |   3096 |   6 | 1795.5 |
               +--------+--------+--------+--------+--------+-----+--------+

Top non-repeatable levels by time:
  Lair:6: 2965 daAuts
  Lair:1: 2227 daAuts
     D:2: 2031 daAuts
  Lair:4: 2029 daAuts
     D:1: 1898 daAuts
     D:7: 1780 daAuts
     D:4: 1619 daAuts
  Lair:3: 1479 daAuts
     D:8: 1293 daAuts
     D:5: 1262 daAuts
  Lair:5: 1141 daAuts
     D:6: 1120 daAuts
  Lair:2: 929 daAuts
    D:10: 862 daAuts
     D:9: 858 daAuts
